Map: Lightshade LE

Players

MarineLorD - Winner!

  • Race: Terran Terran
  • League: Master

Reynor

  • Race: Zerg Zerg

Event: DreamHack SC2 Masters 2021 Winter

VOD

Have the link to the VOD?

Description

Time

  • Played on: Oct. 12, 2021, 1:22 p.m.
  • Length: 29:45

All games in this series

Show
View Real Time Build Order
Export as new Build Order

MarineLorD Terran - Winner!

Build Orders: Command Center First (CC) 

Get SALT Encoding   

  12  0:00  SCV  
  13  0:12  SCV  
  14  0:17  Supply Depot  
  14  0:24  SCV  
  15  0:38  SCV  
  16  0:50  SCV  
  17  0:59  Command Center  
  17  1:03  SCV  
  18  1:08  Refinery  
  18  1:15  SCV  
  19  1:21  Barracks  
  19  1:27  SCV  
  20  1:36  Barracks  
  21  1:40  SCV  
  21  1:52  SCV  
  22  2:08  Barracks Reactor, Orbital Command  
  22  2:13  Orbital Command  
  22  2:15  Refinery  
  22  2:24  Barracks Tech Lab  
  21  2:38  SCV  
  21  2:43  Stimpack, Marine  
  23  2:45  SCV  
  23  2:47  Marine  
  23  2:50  SCV  
  26  2:51  Marine  
  26  2:57  SCV  
  28  3:02  SCV, Marine  
  30  3:07  Factory  
  30  3:08  Marine  
  30  3:09  Marine  
  30  3:11  SCV  
  33  3:16  SCV  
  33  3:17  Bunker  
  34  3:24  Supply Depot, SCV  
  35  3:28  SCV, Marine  
  35  3:29  Marine  
  38  3:36  Supply Depot  
  38  3:46  SCV x2, Marine  
  38  3:47  Marine  
  38  3:48  Supply Depot  
  42  3:52  Starport, Factory Reactor  
  42  3:57  Marine  
  42  3:58  SCV x2  
  45  4:06  Supply Depot  
  45  4:08  Marine x2  
  47  4:10  SCV x2  
  47  4:15  Marine  
  50  4:22  SCV x2  
  50  4:24  Combat Shield  
  52  4:30  Marine x2  
  54  4:34  SCV x2, Refinery  
  54  4:35  Medivac x2  
  54  4:37  Factory Reactor  
  60  4:39  Marine  
  60  4:40  Supply Depot  
  61  4:46  SCV x2  
  61  4:48  Supply Depot, Marine  
  64  4:59  SCV  
  65  5:00  Marine  
  65  5:01  Marine  
  65  5:02  Command Center  
  65  5:06  Marine  
  68  5:09  Armory  
  68  5:14  Hellion x2  
  70  5:18  Marine x2  
  74  5:23  Medivac  
  74  5:24  Medivac  
  78  5:29  Supply Depot  
  78  5:30  Supply Depot  
  78  5:33  Marine  
  78  5:35  Hellion  
  81  5:36  Hellion, Marine x2  
  81  5:42  SCV  
  86  5:43  Supply Depot  
  86  5:47  Refinery  
  86  5:50  SCV  
  86  5:51  Marine  
  86  5:54  SCV  
  86  5:56  Hellion, Marine  
  92  5:57  Hellion, Marine  
  92  6:02  SCV  
  92  6:04  Concussive Shells  
  94  6:06  SCV  
  94  6:10  Barracks  
  95  6:14  SCV, Orbital Command  
  95  6:15  Starport Reactor  
  96  6:18  SCV  
  96  6:21  Marine  
  98  6:26  SCV  
  98  6:27  Engineering Bay  
  98  6:30  Engineering Bay  
  99  6:35  SCV, Marine x2  
  99  6:37  Orbital Command  
  92  6:43  Marine  
  92  6:45  SCV  
  92  6:46  Widow Mine x2  
  90  6:48  SCV  
  90  6:52  Marine  
  89  6:56  Marine  
  89  6:57  SCV, Marine  
  89  6:58  Marine  
  89  7:00  SCV  
  89  7:01  Marine  
  93  7:08  Terran Infantry Weapons Level 1, Terran Infantry Armor Level 1  
  93  7:10  SCV, Marine  
  93  7:11  SCV  
  93  7:14  Marine x2  
  98  7:16  Marine  
  98  7:18  Marine  
  93  7:26  Widow Mine x2  
  93  7:28  Marine  
  93  7:29  SCV  
  101  7:32  Marine x2  
  101  7:33  Marine  
  101  7:35  Supply Depot  
  101  7:36  Marine  
  92  7:44  Barracks  
  92  7:46  Marine, Barracks  
  92  7:47  SCV x2  
  92  7:49  Medivac  
  92  7:50  Marine x2  
  97  7:51  Marine  
  97  7:54  Supply Depot, Marine  
  97  7:55  Supply Depot  
  99  7:59  Supply Depot  
  99  8:03  Armory  
  99  8:04  Marine  
  100  8:06  SCV x3  
  100  8:07  Refinery  
  100  8:09  Factory  
  100  8:11  Terran Vehicle And Ship Armor Level 1  
  103  8:16  Marine x4  
  103  8:18  SCV x2  
  109  8:20  Widow Mine x2, Medivac  
  109  8:21  Medivac  
  117  8:29  SCV  
  117  8:30  SCV  
  117  8:31  Marine  
  121  8:35  Marine  
  121  8:37  Supply Depot  
  121  8:38  Barracks Reactor x2  
  121  8:40  Marine x2  
  121  8:41  Marine  
  124  8:43  Widow Mine x2, Command Center  
  128  8:49  Marine  
  128  8:52  Marine  
  128  8:53  Medivac x2  
  132  8:58  Marine x2  
  132  8:59  Marine  
  132  9:00  Factory Tech Lab  
  135  9:05  Terran Infantry Weapons Level 2, Terran Infantry Armor Level 2  
  135  9:06  Marine  
  135  9:07  SCV x2  
  135  9:08  Widow Mine x2  
  142  9:10  Marine  
  142  9:16  Marine x3  
  145  9:17  Marine x2  
  145  9:19  Marine x2  
  145  9:23  Widow Mine, Drilling Claws  
  151  9:24  Marine  
  151  9:28  Marine  
  151  9:30  Widow Mine  
  155  9:33  Supply Depot  
  155  9:34  Supply Depot, Marine x3  
  155  9:35  Marine x2  
  155  9:36  Marine x2  
  158  9:41  Widow Mine  
  158  9:42  Marine  
  158  9:44  Widow Mine  
  163  9:46  Marine  
  163  9:51  Marine  
  165  9:54  Marine x6  
  165  9:55  Supply Depot  
  165  9:58  Supply Depot  
  165  9:59  SCV x2  
  173  10:00  Marine  
  173  10:04  Marine  
  175  10:09  Marine  
  175  10:12  Marine x3  
  174  10:16  Marine  
  174  10:20  Marine  
  171  10:23  Widow Mine x2, Siege Tank  
  171  10:25  Marine x2  
  171  10:27  Marine x2  
  174  10:30  Marine x3  
  174  10:35  Planetary Fortress  
  177  10:37  Command Center  
  177  10:41  Ghost Academy  
  174  10:46  Widow Mine x2  
  174  10:48  Marine x3  
  174  10:49  Marine  
  178  10:58  Marine  
  168  11:09  Marine  
  168  11:10  Marine x2  
  164  11:11  Marine  
  164  11:12  Marine  
  164  11:16  Widow Mine x2  
  164  11:22  Widow Mine  
  164  11:24  Marauder  
  164  11:25  Marine x2  
  165  11:29  Medivac  
  165  11:30  Medivac  
  165  11:31  Barracks x2  
  165  11:32  Barracks  
  169  11:36  Marine x2  
  169  11:38  Widow Mine, Marine  
  174  11:43  Marine x2  
  174  11:44  Marine x2  
  180  11:58  Personal Cloaking, Command Center  
  180  11:59  Liberator x2, Terran Infantry Weapons Level 3, Command Center  
  146  12:14  Widow Mine x2  
  150  12:18  Terran Vehicle And Ship Armor Level 2, Terran Infantry Armor Level 3  
  150  12:21  Barracks Tech Lab x3  
  150  12:23  Starport  
  150  12:24  Starport  
  150  12:25  Planetary Fortress  
  150  12:26  SCV  
  150  12:27  SCV  
  150  12:28  SCV x2  
  150  12:29  Marine  
  142  12:31  Marine  
  142  12:32  Marine  
  142  12:33  Marine  
  144  12:38  SCV  
  144  12:41  Widow Mine x2, Medivac  
  144  12:42  Medivac, Siege Tank  
  144  12:43  Ghost  
  148  12:45  Ghost  
  150  13:00  Starport Reactor x2  
  150  13:01  Fusion Core  
  150  13:03  Refinery  
  150  13:04  Refinery x2  
  150  13:05  Missile Turret  
  150  13:06  Missile Turret  
  150  13:07  Marauder x2, Marine  
  150  13:09  Marine  
  156  13:14  Orbital Command  
  156  13:15  Orbital Command  
  156  13:21  SCV x4  
  156  13:26  Widow Mine x2  
  161  13:35  Marauder x2  
  161  13:36  Marine  
  170  13:48  Marine x3  
  172  13:52  Advanced Ballistics  
  172  13:53  Liberator x3  
  172  13:54  Liberator x2, Sensor Tower  
  160  14:13  SCV  
  160  14:14  Marine  
  160  14:15  Marauder, Marine x3  
  144  14:21  Marauder, Marine x3  
  146  14:29  Liberator  
  149  14:32  Widow Mine, Command Center  
  149  14:34  Marine x2  
  149  14:36  Liberator x2, Nuke  
  149  14:37  Marine  
  160  14:44  Marauder, Marine  
  163  14:48  Marine  
  163  14:49  Marauder  
  164  14:57  Liberator x3  
  173  15:02  Marine x2  
  173  15:06  Marine x2  
  183  15:07  Marauder  
  183  15:11  Missile Turret  
  183  15:12  Liberator  
  182  15:18  Marine  
  182  15:19  Marauder  
  185  15:26  Marauder  
  172  15:33  Marauder x2, Marine x3  
  172  15:34  Marine x4  
  172  15:35  Liberator x2  
  161  15:36  Marine  
  161  15:40  Liberator, Marauder  
  173  15:46  Marine  
  174  15:51  Marine x3  
  174  15:53  Widow Mine x2  
  174  15:55  Marauder x2, Marine  
  186  16:00  Marine x2  
  186  16:01  Marine  
  186  16:02  Marauder, Marine  
  189  16:05  Marauder  
  189  16:08  Missile Turret  
  191  16:15  Marine x2  
  191  16:16  Marauder  
  195  16:21  Marine  
  195  16:22  Marauder  
  198  16:30  Marauder, Marine  
  198  16:31  Marine  
  199  16:36  Marine x2  
  199  16:37  Marauder, Marine x3  
  199  16:38  Marine  
  200  16:43  Liberator  
  200  16:59  Marine  
  200  17:00  Marauder  
  200  17:06  Marine x2  
  200  17:08  Marine  
  198  17:17  Command Center  
  195  17:27  Marine  
  195  17:28  Marauder  
  186  17:33  Marine x2  
  184  17:37  Liberator x3  
  184  17:38  Marine x2  
  184  17:43  Widow Mine  
  162  17:48  Planetary Fortress  
  144  17:53  Widow Mine  
  144  17:54  Widow Mine  
  145  18:02  Missile Turret  
  145  18:03  Medivac x2  
  149  18:06  Marine  
  149  18:07  Marine  
  151  18:15  Marine x2  
  151  18:16  Marauder, Orbital Command  
  151  18:17  Marine  
  158  18:21  Widow Mine x2  
  160  18:27  Liberator  
  160  18:30  Liberator  
  166  18:35  Missile Turret, Marine  
  166  18:38  Marine  
  166  18:39  Marauder  
  170  18:45  Marine x2  
  170  18:47  Orbital Command  
  171  18:52  Liberator x2  
  175  18:58  Refinery  
  175  18:59  Refinery  
  175  19:01  Marauder, Marine x2  
  175  19:02  Sensor Tower  
  179  19:06  Marauder, Marine x2  
  179  19:09  Marauder, Marine x2  
  189  19:13  Ghost  
  189  19:17  Marine  
  189  19:22  Marine x2, Ghost  
  189  19:23  Marine  
  189  19:24  Marine  
  159  19:25  Marine  
  159  19:27  Marine, Ghost  
  159  19:28  Marine  
  159  19:30  Ghost  
  151  19:35  Marine  
  149  19:40  Marine x2  
  149  19:41  Ghost, Marine x2  
  149  19:43  Refinery, Marine  
  149  19:45  Refinery, Marine x2  
  157  19:48  Refinery  
  157  19:51  Marauder  
  160  19:53  Marine  
  160  19:56  Marauder  
  160  19:58  Marine x2  
  160  19:59  Marauder, Marine x2  
  169  20:02  Marine  
  169  20:04  Marine  
  169  20:07  Marine  
  171  20:11  Marauder  
  171  20:12  Marauder, Bunker  
  176  20:15  Marine  
  176  20:16  Marine x3  
  176  20:18  Marauder  
  176  20:21  Marauder  
  184  20:30  Marine x3  
  184  20:34  Marauder  
  191  20:38  Ghost  
  191  20:39  Liberator x2  
  191  20:42  Enhanced Shockwaves  
  197  20:47  Hi-Sec Auto Tracking  
  197  20:48  Neosteel Armor  
  195  21:10  Marine x2  
  195  21:11  Marauder  
  195  21:17  Ghost x2  
  189  21:20  SCV x3  
  193  21:25  Ghost  
  193  21:27  Liberator  
  197  21:48  Liberator  
  200  22:17  Orbital Command  
  200  22:22  Liberator x5  
  172  22:31  Liberator  
  172  22:38  Marauder, Marine x2  
  172  22:39  Missile Turret  
  172  22:40  Orbital Command  
  172  22:42  SCV x7  
  183  22:49  Marauder, Marine x4  
  189  23:01  Sensor Tower  
  198  23:06  Refinery  
  198  23:07  Refinery  
  177  23:30  Ghost  
  177  23:31  Ghost x3  
  177  23:33  Liberator, Viking  
  177  23:34  Liberator x3  
  196  23:42  Nuke  
  190  23:59  Missile Turret  
  190  24:05  Siege Tank  
  193  24:15  Missile Turret x2  
  190  24:17  Missile Turret  
  176  24:53  Orbital Command  
  176  24:56  Ghost x2  
  176  24:57  Ghost x2  
  184  25:03  Command Center  
  184  25:17  Liberator x3  
  193  25:25  Orbital Command  
  193  25:47  Ghost x3  
  193  26:20  Viking x5  
  185  26:36  SCV x2  
  185  26:38  SCV  
  185  26:39  Orbital Command  
  173  26:41  Orbital Command  
  173  26:45  Ghost  
  173  26:46  Ghost, Marine x3  
  162  26:48  Viking  
  151  27:22  Marine x5  
  157  27:23  SCV  
  157  27:24  SCV x3, Refinery  
  157  27:27  SCV x2  
  166  27:36  SCV  
  167  27:39  Orbital Command  
  167  27:41  Liberator  
  165  27:52  Bunker  
  138  28:29  Marauder, Marine x5  
  134  28:43  Marauder, Marine  
  134  28:46  Marauder x2, Marine x2  
  134  28:47  Marine  
  131  29:10  Marine x5  
  131  29:11  Marine  
  131  29:12  Marine  
  131  29:16  Marauder, Marine x3, Orbital Command  
  136  29:23  Marauder  
Show
View Real Time Build Order
Export as new Build Order

Reynor Zerg 

Build Orders: Pool First 

Get SALT Encoding   

  12  0:00  Drone  
  13  0:12  Overlord  
  13  0:17  Drone  
  14  0:30  Drone x2  
  14  0:33  Drone  
  17  0:45  Spawning Pool  
  17  0:47  Drone  
  17  1:08  Hatchery  
  17  1:10  Drone  
  17  1:13  Drone  
  17  1:15  Extractor  
  17  1:31  Zergling x4  
  17  1:32  Queen  
  21  1:37  Overlord  
  21  1:48  Drone  
  22  1:59  Drone  
  23  2:07  Queen  
  25  2:11  Drone  
  26  2:20  Drone  
  26  2:21  Drone  
  26  2:22  Metabolic Boost  
  28  2:28  Queen  
  30  2:32  Overlord  
  30  2:35  Drone  
  30  2:40  Drone x2  
  30  2:43  Drone  
  32  2:44  Drone  
  32  2:47  Drone  
  34  2:53  Drone  
  34  2:55  Drone  
  36  3:06  Hatchery  
  36  3:08  Drone  
  36  3:11  Drone  
  37  3:15  Drone x2  
  37  3:18  Overlord  
  39  3:24  Queen  
  39  3:26  Drone  
  42  3:27  Drone  
  43  3:38  Drone x3  
  43  3:39  Queen  
  48  3:47  Baneling Nest, Overlord  
  47  3:51  Overlord  
  49  3:55  Drone x2  
  49  3:56  Drone x2  
  51  4:04  Overlord  
  51  4:06  Drone x2  
  53  4:10  Drone x3  
  53  4:11  Drone  
  53  4:12  Extractor  
  53  4:14  Zergling x2  
  57  4:17  Lair  
  57  4:20  Zergling x4  
  57  4:22  Drone x2  
  61  4:26  Overlord  
  61  4:28  Zergling x2  
  61  4:30  Drone  
  63  4:32  Queen  
  65  4:39  Overlord  
  65  4:41  Drone  
  65  4:43  Zergling x2  
  68  4:45  Drone  
  68  4:47  Drone  
  68  4:51  Overlord  
  69  4:53  Drone x3  
  69  4:54  Zergling x6  
  69  4:55  Zergling x4  
  69  4:58  Drone  
  78  5:02  Zergling x2  
  78  5:03  Drone  
  80  5:08  Evolution Chamber  
  80  5:09  Drone, Evolution Chamber  
  80  5:13  Drone  
  80  5:14  Overseer  
  80  5:17  Queen x2  
  80  5:19  Centrifugal Hooks  
  80  5:20  Drone x4  
  88  5:21  Extractor  
  88  5:23  Extractor, Overlord  
  85  5:29  Baneling  
  85  5:30  Baneling x3  
  85  5:38  Zergling x8  
  85  5:39  Zergling x2  
  85  5:42  Overlord  
  90  5:43  Zerg Ground Armor Level 1, Hatchery  
  90  5:46  Drone x3  
  90  5:49  Zergling x6  
  95  5:51  Overlord  
  93  5:58  Zergling x12  
  94  6:05  Zergling x4  
  94  6:09  Zergling x2  
  97  6:13  Baneling x4  
  97  6:15  Drone  
  97  6:16  Drone x3  
  101  6:20  Zergling x10  
  101  6:21  Baneling x3  
  106  6:27  Baneling  
  106  6:28  Baneling, Zergling x2  
  106  6:29  Baneling  
  106  6:30  Queen  
  108  6:33  Overlord  
  108  6:36  Zergling x2  
  99  6:40  Zergling x8  
  99  6:43  Zergling x4  
  102  6:51  Drone  
  102  6:53  Queen  
  105  6:56  Zergling x16  
  105  6:58  Zergling x2  
  100  7:03  Baneling x2  
  100  7:04  Zergling x2  
  100  7:05  Baneling x5, Queen  
  100  7:07  Zergling x4  
  97  7:10  Zergling x2  
  97  7:15  Drone x2  
  99  7:16  Zergling x4  
  99  7:20  Zergling x4  
  99  7:22  Drone x3  
  97  7:25  Zergling x6  
  98  7:31  Overlord  
  98  7:32  Drone x3  
  98  7:37  Zergling x2  
  98  7:39  Zergling x4  
  98  7:41  Queen  
  98  7:42  Zerg Ground Armor Level 2  
  103  7:49  Baneling x9  
  103  7:53  Drone x5  
  108  7:58  Baneling x2  
  108  7:59  Baneling x2  
  108  8:00  Drone x3  
  108  8:01  Spore Crawler  
  107  8:06  Baneling, Evolution Chamber  
  107  8:07  Drone, Baneling x4  
  107  8:08  Drone x2  
  110  8:12  Drone  
  110  8:18  Spore Crawler  
  109  8:20  Burrow  
  109  8:21  Drone  
  109  8:22  Drone x8  
  109  8:24  Extractor  
  117  8:30  Overlord  
  117  8:32  Zerg Melee Weapons Level 1  
  117  8:33  Zergling x12  
  123  8:39  Zergling x6  
  123  8:40  Baneling  
  123  8:41  Baneling x5, Zergling x2  
  126  8:49  Pneumatized Carapace  
  126  8:57  Zergling x18  
  135  9:02  Overlord  
  135  9:05  Overlord  
  135  9:09  Spore Crawler  
  134  9:10  Overlord  
  130  9:18  Hatchery  
  130  9:19  Overseer, Overlord x3  
  130  9:22  Drone x4  
  130  9:23  Drone  
  134  9:24  Zergling x2, Extractor  
  134  9:25  Hydralisk Den, Zergling x2  
  134  9:28  Zergling x2  
  134  9:30  Zergling x8  
  139  9:31  Zergling x6  
  139  9:35  Zergling x8  
  139  9:36  Zergling x2  
  139  9:38  Zergling x6  
  148  9:40  Zergling x2  
  148  9:43  Overseer x2  
  149  9:47  Baneling  
  149  9:48  Baneling x12  
  149  9:50  Zergling x8  
  153  9:53  Overlord  
  153  9:57  Hydralisk  
  153  9:58  Hydralisk x4, Muscular Augments  
  163  10:02  Drone x4  
  163  10:04  Extractor  
  166  10:07  Infestation Pit  
  166  10:13  Hydralisk x3  
  167  10:14  Zergling x8  
  167  10:16  Baneling  
  167  10:19  Hydralisk  
  167  10:20  Zergling x2  
  169  10:21  Queen  
  169  10:27  Hydralisk  
  169  10:28  Zergling x14  
  174  10:32  Drone  
  174  10:34  Zergling x2  
  175  10:38  Baneling x2  
  175  10:42  Hatchery  
  168  10:43  Hydralisk, Zergling x2  
  168  10:44  Zergling x8  
  168  10:49  Drone x2  
  175  10:53  Zergling x2  
  175  10:54  Zergling x4  
  175  10:55  Queen  
  178  10:57  Baneling  
  178  10:58  Baneling  
  178  10:59  Baneling x9  
  178  11:00  Hive  
  178  11:02  Zergling x6  
  172  11:04  Zergling x8  
  172  11:07  Zergling x2  
  172  11:09  Zergling x4  
  161  11:13  Hydralisk  
  161  11:14  Zergling x2  
  163  11:18  Zergling x2  
  163  11:19  Zergling x2  
  163  11:21  Zerg Missile Weapons Level 1  
  163  11:22  Zerg Melee Weapons Level 2  
  163  11:25  Queen  
  161  11:27  Zergling x12  
  161  11:30  Zergling x6  
  161  11:31  Queen  
  174  11:33  Zergling x4  
  174  11:34  Zergling x2  
  174  11:35  Baneling x8  
  174  11:37  Zergling x6  
  180  11:41  Zergling x6, Queen  
  180  11:47  Overlord  
  179  11:48  Zergling x4  
  179  11:54  Zergling x4  
  179  11:56  Spore Crawler  
  179  11:57  Spine Crawler  
  179  11:59  Hydralisk  
  179  12:00  Zergling x12  
  173  12:03  Zergling x6  
  161  12:08  Zergling x2  
  161  12:09  Zergling x14  
  161  12:15  Viper x2  
  172  12:17  Lurker Den  
  172  12:18  Zergling x6  
  172  12:21  Drone  
  172  12:22  Drone x3  
  181  12:23  Queen  
  181  12:24  Zergling x2  
  181  12:28  Baneling x8  
  181  12:29  Baneling x7, Zergling x6  
  187  12:30  Zergling x14  
  187  12:31  Baneling  
  187  12:32  Hydralisk x2, Baneling  
  187  12:35  Zergling x4  
  198  12:41  Zergling x4  
  196  13:11  Baneling x10  
  196  13:12  Adrenal Glands  
  196  13:14  Seismic Spines  
  196  13:15  Zerg Ground Armor Level 3  
  196  13:16  Overlord  
  196  13:17  Baneling x5  
  196  13:18  Baneling x3  
  187  13:31  Zergling x28  
  187  13:32  Zergling x6  
  187  13:33  Overlord  
  195  13:43  Baneling  
  195  13:44  Baneling  
  193  13:51  Zergling x12  
  187  14:04  Zergling x18  
  189  14:15  Hydralisk x3  
  189  14:16  Zergling x28  
  192  14:20  Hydralisk  
  192  14:21  Zergling x10  
  196  14:24  Overlord  
  196  14:29  Extractor  
  195  14:38  Hatchery  
  195  14:41  Baneling x5  
  195  14:42  Baneling x12  
  195  14:45  Zerg Missile Weapons Level 2  
  194  14:47  Drone x2  
  183  14:53  Zergling x2  
  183  14:54  Zergling x32  
  183  14:59  Baneling x12  
  199  15:03  Spire  
  194  15:17  Hydralisk, Zergling x10  
  194  15:18  Zergling x2  
  197  15:27  Hydralisk x5  
  175  15:28  Zergling x30  
  175  15:31  Hydralisk x3  
  175  15:32  Zergling x4  
  189  15:39  Baneling x6  
  189  15:40  Baneling x8  
  187  15:43  Zergling x4  
  187  15:44  Zergling x10  
  187  15:47  Zergling x10  
  199  16:04  Overlord  
  199  16:07  Drone x2  
  199  16:11  Baneling x13, Lurker  
  193  16:33  Zergling x14  
  187  16:43  Drone  
  187  16:45  Zergling x30  
  198  16:53  Zergling x10  
  185  16:58  Hydralisk  
  185  17:00  Queen  
  182  17:02  Hydralisk x2  
  182  17:03  Zergling x2  
  166  17:09  Drone x3  
  166  17:13  Hydralisk x3  
  166  17:14  Zergling x6  
  174  17:15  Hydralisk  
  174  17:20  Hydralisk  
  174  17:27  Hydralisk x2  
  174  17:28  Zergling x2  
  167  17:33  Hydralisk  
  167  17:34  Hydralisk, Zergling x2  
  160  17:39  Hydralisk  
  160  17:41  Hydralisk  
  160  17:42  Zergling x2  
  160  17:43  Hydralisk x3  
  126  17:45  Hydralisk  
  126  17:47  Queen, Viper x3  
  126  17:48  Viper  
  126  17:50  Baneling x2  
  135  17:54  Drone x2  
  135  17:56  Drone  
  135  17:58  Hydralisk  
  138  18:00  Lurker x6  
  138  18:03  Zergling x2  
  147  18:07  Corruptor  
  147  18:08  Corruptor x3  
  147  18:12  Drone x2  
  157  18:13  Drone  
  157  18:14  Drone  
  157  18:16  Drone  
  157  18:17  Drone  
  161  18:21  Drone x2  
  161  18:26  Adaptive Talons  
  163  18:27  Drone  
  163  18:29  Drone  
  163  18:30  Drone  
  163  18:33  Drone  
  167  18:36  Drone x2  
  167  18:37  Drone  
  167  18:38  Drone  
  171  18:42  Drone x2  
  171  18:43  Drone  
  172  18:50  Drone x5  
  172  18:51  Drone  
  172  18:52  Extractor  
  172  18:54  Drone, Extractor  
  177  19:07  Corruptor x3  
  183  19:10  Overlord x2  
  143  19:32  Corruptor x3  
  149  19:43  Drone x6  
  149  19:44  Drone  
  156  19:46  Extractor  
  156  19:47  Extractor  
  154  19:55  Zergling x22  
  154  19:57  Lurker x2, Corruptor  
  169  20:06  Corruptor x3  
  174  20:10  Hatchery  
  173  20:20  Corruptor  
  173  20:21  Corruptor  
  174  20:22  Queen  
  178  20:32  Zergling x20  
  178  20:35  Zerg Flyer Weapons Level 1  
  188  20:54  Lurker x3  
  192  20:57  Zergling x16  
  188  21:19  Zergling x8  
  188  21:20  Zergling x14  
  195  21:34  Lurker x2  
  195  21:35  Lurker x3  
  200  21:40  Spore Crawler  
  200  21:41  Spore Crawler  
  197  21:51  Hatchery  
  188  22:11  Corruptor x7  
  198  22:17  Queen  
  184  22:42  Zergling x26  
  197  22:54  Zergling x8  
  191  23:06  Extractor  
  191  23:07  Hydralisk x2  
  191  23:08  Zergling x6  
  191  23:10  Extractor  
  196  23:19  Zergling x8  
  196  23:31  Hatchery  
  195  23:35  Zergling x8  
  199  23:44  Spore Crawler x3  
  185  23:56  Zergling x26  
  185  23:58  Zerg Flyer Weapons Level 2  
  185  24:02  Infestor  
  195  24:11  Zergling x6  
  195  24:12  Zergling x4  
  195  24:32  Corruptor  
  195  24:33  Corruptor x6  
  184  24:48  Viper x3  
  190  24:55  Drone  
  190  24:56  Drone x3, Queen  
  194  25:00  Corruptor  
  194  25:01  Corruptor  
  194  25:05  Zergling x2  
  199  25:11  Extractor  
  198  25:27  Spine Crawler  
  198  25:28  Spine Crawler  
  196  25:31  Hatchery  
  193  25:47  Drone x4  
  193  25:48  Drone x2  
  184  25:52  Corruptor x4  
  161  26:04  Zergling x20  
  161  26:09  Infestor  
  157  26:20  Zergling x6  
  157  26:22  Hydralisk x2  
  146  26:36  Zergling x14  
  146  26:59  Drone x4  
  144  27:09  Zergling x12  
  150  27:21  Lurker  
  149  27:30  Drone x3  
  152  27:38  Hydralisk  
  152  27:39  Zergling x2  
  153  27:53  Hydralisk  
  144  28:13  Overseer  
  144  28:17  Hydralisk, Zergling x4  
  144  28:18  Zergling x6  
  141  28:22  Lurker x3  
  134  28:36  Hydralisk x2  
  107  28:54  Lurker  
  105  29:03  Lurker  
  105  29:04  Lurker  

Tags
 
Add a new tag
Caveats
  • Supply blocks, unpowered buildings, or Contaminate may cause inaccurate times.
  • Supply counts are checked every 10 seconds.